AoeStats
← ismaelsaloro

Arabia

510022012Analyzed
3v3 RM · 5d ago on Sep 29, 2026· 29m 46s· 6 players
Game mode
Random Map
Map size
Normal (6 player)
Population
200
Speed
Normal
Resources
Standard
Victory
Conquest
Starting age
Dark Age
Ending age
Imperial Age
RankedLock teamsTeams togetherTeam positionsShared explorationLock speedFull tech treeHidden civsTurbo modeCheats
Victory
Defeat
🇻🇪 Spanish · Venezuela
1078
+11
🇻🇪 Britons · Venezuela
1060
+12
🇻🇪 Teutons · Venezuela
824
+20
🇲🇽 Danes · Mexico
968
-15
🇲🇽 Romans · Mexico
954
-14
🇲🇽 Saxons · Mexico
943
-14
chuytoor
10:08 Feudal Age
8:24 Loom
15:14 Man-at-Arms
21:12 Castle Age
19:40 Double-Bit Axe
20:19 Gold Mining
22:30 Crossbowman
27:31 Pikeman
28:12 Squires
31:32 Imperial Age
Spartak_2406
5:17 Loom
10:17 Feudal Age
11:49 Arson
12:13 Man-at-Arms
24:20 Castle Age
27:07 Fletching
27:25 Elite Skirmisher
ismaelsaloro
7:32 Loom
12:31 Feudal Age
12:36 Man-at-Arms
14:14 Forging
14:52 Horse Collar
23:56 Castle Age
26:03 Elite Skirmisher
TipoSerio
7:33 Loom
9:44 Feudal Age
10:28 Double-Bit Axe
14:51 Fletching
22:13 Castle Age
22:52 Castle Age
20:37 Horse Collar
21:45 Padded Archer Armor
22:27 Stone Mining
23:34 Bodkin Arrow
23:13 Crossbowman
25:18 Ballistics
28:01 Bow Saw
29:45 Yeomen
Monty
3:27 Loom
11:25 Feudal Age
12:05 Double-Bit Axe
12:01 Horse Collar
20:53 Castle Age
23:14 Stone Mining
23:37 Bow Saw
23:21 Gold Mining
23:27 Gold Mining
25:58 Heavy Plow
26:43 Stone Shaft Mining
29:06 Wheelbarrow
28:28 Fletching
29:30 Ballistics
31:50 Imperial Age
M0NJE
2:18 Loom
12:51 Feudal Age
13:23 Double-Bit Axe
13:27 Town Watch
18:35 Fletching
24:18 Castle Age
26:27 Bodkin Arrow
Connection lost

Rejoining the realm…

Still unreachable

The connection could not be restored.

Session expired

The server has moved on; the page needs a fresh start.